 Dungeon Crawl Stone Soup version 0.32-a0-643-ga006e7742e (webtiles) character file.

Game seed: 7197159373294470233

4717 dialectric the Trooper (level 10, -3/79 HPs)
             Began as a Coglin Artificer on Mar 7, 2024.
             Was a Believer of Lugonu.
             Slain by a komodo dragon (12 damage)
             ... while petrified by a basilisk
             ... on level 1 of the Lair of Beasts.
             The game lasted 00:12:26 (7832 turns).

dialectric the Trooper (Coglin Artificer)           Turns: 7832, Time: 00:12:27

Health: -3/79      AC: 17    Str: 12    XL:     10   Next: 45%
Magic:  11/11      EV:  2    Int: 11    God:    Lugonu [**....]
Gold:   218        SH:  0    Dex: 23    Spells: 9/9 levels left

rFire   . . .        k - +0 dagger (protect) {Tertia}
rCold   . . .        z - +1 rapier (distort) {Zorawar}
rNeg    + + +        f - +4 scale mail of the Rose {Fly Will- rCorr Dex+4}
rPois   ∞            F - +0 helmet
rElec   .            I - +0 cloak
rCorr   +            y - +0 pair of gloves
SInv    .            b - +0 pair of boots
Will    .....        (amulet unavailable)
Stlth   +            (ring unavailable)
HPRegen 0.33/turn    (ring unavailable)
MPRegen 0.12/turn    (no gizmo)

%: no passive effects
@: petrified, on berserk cooldown, flying, slowed
A: off-hand wielding, slow wielding, warmup strikes, no jewellery
a: Invent Gizmo, Renounce Religion, Depart the Abyss, Banish


You were on level 1 of the Lair of Beasts.
You worshipped Lugonu.
Lugonu was pleased with you.
You visited 2 branches of the dungeon, and saw 10 of its levels.

You collected 362 gold pieces.
You spent 144 gold pieces at shops.

Inventory:

Hand Weapons
 k - a +0 dagger of protection (weapon) {Tertia}
 p - a +0 short sword of draining {Ashmeen}
 s - a +2 short sword of holy wrath
 z - a +1 rapier of distortion (offhand) {Zorawar}
 A - a +1 short sword of distortion
Missiles
 n - 15 poisoned darts
 t - a throwing net
Armour
 b - a +0 pair of boots (worn)
 f - the +4 scale mail of the Rose (worn) {Fly Will- rCorr Dex+4}
   (You found it on level 2 of the Dungeon)

   Dex+4:     It affects your dexterity (+4).
   Will-:     It decreases your willpower.
   Fly:       It grants you flight.
   rCorr:     It protects you from acid and corrosion.
 y - a +0 pair of gloves (worn)
 F - a +0 helmet (worn)
 H - +0 steam dragon scales
 I - a +0 cloak (worn)
 L - a +3 ring mail of willpower
Talismans
 h - a beast talisman
Wands
 c - a wand of flame (10) (quivered)
 d - a wand of charming (6)
 e - a wand of iceblast (3)
 G - a wand of quicksilver (3)
 K - a wand of roots (10)
 O - a wand of digging (2)
Scrolls
 g - 3 scrolls of fear {unknown}
 j - a scroll of acquirement {unknown}
 o - a scroll of teleportation {unknown}
 q - 2 scrolls of poison {unknown}
 r - a scroll of summoning {unknown}
 u - 2 scrolls of vulnerability {unknown}
 v - a scroll of blinking {unknown}
 B - a scroll of brand weapon {unknown}
 E - a scroll of fog {unknown}
 P - a scroll of revelation {unknown}
 Q - a scroll of immolation {unknown}
Potions
 a - 3 potions of attraction
 i - 3 potions of brilliance
 l - a potion of berserk rage
 m - a potion of heal wounds
 w - 2 potions of enlightenment
 x - 2 potions of magic
 C - 3 potions of curing
 D - 2 potions of haste
 J - a potion of might
 M - 2 potions of ambrosia {unknown}
 N - a potion of lignification {unknown}


   Skills:
 + Level 7.1 Fighting
 + Level 6.2 Short Blades
 + Level 6.6 Armour
 + Level 6.4 Dodging
 - Level 3.0 Stealth
 + Level 2.6 Invocations
 - Level 5.0 Evocations


You had 9 spell levels left.
You didn't know any spells.
Your spell library contained the following spells:

 Spells                   Type           Power      Damage    Failure   Level
 Magic Dart               Conj           0%         1d3       83%         1
 Blink                    Tloc           0%         N/A       93%         2
 Call Imp                 Summ           0%         N/A       93%         2
 Animate Dead             Necr           0%         N/A       100%        4
 Borgnjor's Vile Clutch   Necr/Erth      0%         N/A       100%        5
 Death Channel            Necr           0%         N/A       100%        6


Dungeon Overview and Level Annotations

Branches:
Dungeon (9/15)             Temple (0/1) D:5            Lair (1/5) D:8
    Orc: D:9-12

Altars:
Dithmenos
Gozag
Makhleb
Zin
Lugonu

Shops:
D:1 =   D:6 !

Portals:
Abyss: D:3

Annotations:
D:4 Dowan
Abyss:1 Eustachio, Prince Ribbit


Innate Abilities, Weirdness & Mutations

You can wield a second weapon in your off-hand.
It takes a long time for you to wield or remove held weapons.
Your first few attacks do less damage.
You cannot equip rings or amulets.


Message History

You are slowing down.
You hit the komodo dragon with your +1 rapier of distortion.
The komodo dragon is heavily wounded.
You barely miss the komodo dragon with your +0 dagger of protection.
The komodo dragon blinks!
Your bullfrog is no longer petrified.
Your bullfrog barely misses the komodo dragon.
The basilisk gazes at you.
You struggle to resist.
Your limbs are stiffening.
Unknown command.
Unknown command.
You hit the basilisk with your +0 dagger of protection.
The basilisk is lightly wounded.
You puncture the basilisk with your +1 rapier of distortion!
Space warps around the basilisk.
The komodo dragon bites you!! The basilisk closely misses you.
Your bullfrog barely misses the komodo dragon.
You have turned to stone.
Your bullfrog barely misses the komodo dragon.
The komodo dragon bites you but does no damage.
The basilisk bites you but does no damage.
Your bullfrog hits the komodo dragon. The komodo dragon bites your bullfrog!!
Your bullfrog dies!
The basilisk bites you!
The komodo dragon hisses angrily.
The komodo dragon bites you!!
The basilisk bites you but does no damage.
The komodo dragon bites you but does no damage.
The basilisk gazes at you. The komodo dragon bites you!
The basilisk bites you but does no damage.
You are no longer berserk.
You feel yourself slow down. The komodo dragon bites you!
* * * LOW HITPOINT WARNING * * *
The basilisk completely misses you. The komodo dragon bites you!!
* * * LOW HITPOINT WARNING * * *
The basilisk barely misses you. The komodo dragon bites you!!
You die...

..#. !..⌠ . . .... ...#.
.[.. .#.. ##.. .....#
...##.... #..
.....##.#.....# #.#
#.........# # #.# .
#.....# #.#####.# .. #.†##
#........ ...##.†l##
#.......# ........l@#
#.......'
.....⌠.⌠.⌠#######........#
....#....................#
....#..⌠..#...............
#.#.....#.................
##...#.###................
##.P## #....#...+#.#..#.
#. #....#.........#. #
##....#.........#.


You could see a komodo dragon and a basilisk.

Vanquished Creatures
  Joseph (D:8)
  A cane toad (Lair:1)
  2 yaks (D:8)
  2 wyverns
  Grum (D:8)
  A steam dragon (D:6)
  Edmund (D:6)
  2 water moccasins (Lair:1)
  An orc warrior (D:8)
  2 ogres
  2 centaurs
  2 wolves (D:8)
  A gnoll sergeant (D:8)
  3 bullfrogs
  3 scorpions
  3 killer bees (D:8)
  A howler monkey (D:7)
  2 jellies
  3 hounds
  2 bombardier beetles
  2 orc priests (D:7)
  A sleepcap (D:7)
  2 iguanas
  5 orc wizards
  6 gnolls
  9 adders
  A white imp (D:6)
  2 dart slugs
  4 ribbon worms
  27 orcs
  10 endoplasms
  4 giant cockroaches
  2 hobgoblins (D:1)
  14 jackals
  17 kobolds
  5 quokkas
  9 ball pythons
  8 bats
  5 frilled lizards
  9 goblins
  8 rats
186 creatures vanquished.

Vanquished Creatures (collateral kills)
  A yak (D:8)
  A killer bee (D:8)
  A gnoll (D:8)
3 creatures vanquished.

Vanquished Creatures (others)
  A wolf (D:8)
  A bullfrog (Lair:1)
2 creatures vanquished.

Grand Total: 191 creatures vanquished

Notes
Turn   | Place    | Note
-------+----------+-------------------------------------------
     0 | D:1      | dialectric the Coglin Artificer began the quest for the
                  | Orb.
     0 | D:1      | Reached XP level 1. HP: 15/15 MP: 1/1
    17 | D:1      | Reached skill level 1 in Dodging
    53 | D:1      | Reached skill level 1 in Stealth
    66 | D:1      | Reached XP level 2. HP: 21/21 MP: 2/2
   250 | D:1      | Reached XP level 3. HP: 19/26 MP: 3/3
   673 | D:1      | Found Ypiaxos's One-of-a-Kind Rings.
   877 | D:2      | Reached XP level 4. HP: 29/32 MP: 4/4
  1162 | D:2      | Identified the +4 scale mail of the Rose {Fly Will- rCorr
                  | Dex+4}
  1612 | D:3      | Reached skill level 1 in Short Blades
  1618 | D:3      | Reached skill level 2 in Fighting
  1622 | D:3      | Reached XP level 5. HP: 37/38 MP: 5/5
  1651 | D:3      | Found a one-way gate to the infinite horrors of the Abyss.
  1731 | D:3      | Found a faded altar of an unknown god.
  2129 | D:3      | Found a large runed translucent door.
  2129 | D:3      | Found a large runed translucent door.
  2129 | D:3      | Found a corrupted altar of Lugonu.
  2191 | D:3      | Found a burning altar of Makhleb.
  2348 | D:3      | Reached XP level 6. HP: 46/46 MP: 6/6
  2750 | D:4      | Reached skill level 3 in Fighting
  2756 | D:4      | Noticed Dowan
  2846 | D:3      | Became a worshipper of Lugonu the Unformed
  3009 | D:4      | Identified the staff "Mosanuni" {rElec Will+ Str+3 Conj}
  3239 | D:4      | Reached XP level 7. HP: 52/52 MP: 7/7
  3372 | D:4      | Noticed Eustachio
  3379 | D:4      | Banished Eustachio
  3427 | D:4      | Found an opulent altar of Gozag.
  3427 | D:4      | Found a glowing silver altar of Zin.
  3454 | D:5      | Entered Level 5 of the Dungeon
  3590 | D:5      | Reached skill level 5 in Evocations
  4039 | D:5      | Found a staircase to the Ecumenical Temple.
  4060 | D:5      | Reached skill level 4 in Fighting
  4060 | D:5      | Reached XP level 8. HP: 50/60 MP: 8/8
  4502 | D:6      | Noticed Edmund
  4517 | D:6      | Killed Edmund
  4845 | D:6      | Noticed Prince Ribbit
  4848 | D:6      | Banished Prince Ribbit
  4849 | D:6      | Reached skill level 5 in Fighting
  5045 | D:6      | Reached * piety under Lugonu
  5185 | D:6      | Found Weocaess's Distillery.
  5193 | D:6      | Bought a potion of curing for 36 gold pieces
  5193 | D:6      | Bought a potion of might for 48 gold pieces
  5193 | D:6      | Bought a potion of heal wounds for 60 gold pieces
  5538 | D:7      | Found a shadowy altar of Dithmenos.
  5550 | D:7      | Reached XP level 9. HP: 68/68 MP: 9/9
  5606 | D:7      | Identified the +8 falchion of the Vendetta {protect, rElec
                  | Str+6}
  5634 | D:7      | Reached skill level 5 in Armour
  5922 | D:7      | Reached skill level 5 in Dodging
  6507 | D:7      | Reached skill level 5 in Short Blades
  6525 | D:8      | Noticed Joseph
  6553 | D:8      | Killed Joseph
  6554 | D:8      | Reached skill level 6 in Fighting
  6774 | D:8      | Reached skill level 1 in Invocations
  6875 | D:8      | Reached XP level 10. HP: 69/77 MP: 9/11
  6916 | D:8      | Noticed Grum
  6946 | D:8      | Killed Grum
  7136 | D:8      | Reached ** piety under Lugonu
  7293 | D:8      | Found a staircase to the Lair.
  7565 | Lair:1   | Entered Level 1 of the Lair of Beasts
  7624 | Lair:1   | Noticed a cane toad
  7628 | Lair:1   | Killed a cane toad
  7629 | Lair:1   | Reached skill level 7 in Fighting
  7832 | Lair:1   | Slain by a komodo dragon

Illustrated notes

Levels and vault maps discovered:
D:1:      mrwooster_arrival_statue, layout_rooms, serial_forest,
          infiniplex_forest_clump_long, infiniplex_forest_straight_3,
          infiniplex_forest_clump_small, infiniplex_forest_lined_room_2,
          infiniplex_forest_end_3, infiniplex_forest_clump_tiny,
          minmay_misc_feat_rows, nicolae_shop_unique_rings
D:2:      layout_loops_ring, serial_bayou_lake_a
D:3:      due_chaos_kobolds, layout_loops_ring, lemuel_round_altar,
          shapermc_ecumenical_altar_venn
D:4:      layout_basic, grunt_temple_overflow_gold_and_silver,
          amethyst_killhole, uniq_eustachio, uniq_duvessa
D:5:      layout_loops_corners, minmay_temple_entry_hall
D:6:      layout_loops_cross, serial_shops, shop, kennysheep_generic_room_8,
          uniq_prince_ribbit1, uniq_edmund
D:7:      layout_loops_corners, lemuel_doored_altar, supply_closet_lemuel,
          kennysheep_generic_room_11
D:8:      layout_basic, lair_entry_dummy, uniq_joseph, uniq_grum
D:9:      layout_cave_pools, kiku_gazebo_pond_becter
Lair:1:   layout_chaotic_city, grunt_megastairs_2

Skill      XL: |  1  2  3  4  5  6  7  8  9 10 |
---------------+-------------------------------+-----
Dodging        | 1 2 3 4 5 6 |  6.4
Stealth        | 1 2 3 |  3.0
Armour         | 2 3 4 6 |  6.6
Short Blades   | 1 2 3 4 5 6 |  6.2
Fighting       | 2 3 4 5 6 7 |  7.1
Evocations     | 5 |  5.0
Invocations    | 1 2 |  2.6

Action                     |  1- 3 |  4- 6 |  7- 9 | 10-12 || total
---------------------------+-------+-------+-------+-------++-------
  Melee: Dagger            |   234 |   225 |   150 |    50 ||   659
         Club              |    28 |       |       |       ||    28
         Short sword       |       |   148 |       |       ||   148
         Rapier            |       |     6 |   176 |    61 ||   243
  Evoke: Wand              |       |     6 |     3 |     9 ||    18
    Use: Scroll            |       |       |     7 |       ||     7
         Potion            |       |       |       |     3 ||     3
   Stab: Sleeping          |     3 |     3 |     1 |     1 ||     8
         Distracted        |       |       |     1 |       ||     1
 Armour: Leather armour    |    71 |    30 |       |       ||   101
         Scale mail        |       |    89 |    93 |   131 ||   313
  Dodge: Dodged            |    97 |   106 |   100 |    78 ||   381

Table legend: (Time is in decaauts)
 A = Elapsed time spent in this place.
 B = Non-inter-level travel time spent in this place.
 C = Inter-level travel time spent in this place.
 D = Time resting spent in this place.
 E = Time spent auto-exploring this place.
 F = Levels seen in this place.
 G = Mean time per level.
                   A        B        C        D        E       F      G
               +--------+--------+--------+--------+--------+-----+--------+
         Total |   7804 |   7275 |    529 |    208 |   5348 |  10 |  780.4 |
       Dungeon |   7540 |   7012 |    528 |    208 |   5178 |   9 |  837.8 |
          Lair |    264 |    264 |      0 |      0 |    170 |   1 |  264.0 |
               +--------+--------+--------+--------+--------+-----+--------+

Top non-repeatable levels by time:
     D:3: 1236 daAuts
     D:5: 1074 daAuts
     D:8: 1026 daAuts
     D:7: 991 daAuts
     D:2: 854 daAuts
     D:6: 835 daAuts
     D:1: 796 daAuts
     D:4: 721 daAuts
  Lair:1: 264 daAuts
     D:9: 5 daAuts
